NCAA
CLEMSON TIGERS @ OREGON STATE BEAVERS
05/07/2023
 
TOP OF THE 1ST
Clemson Tigers batting - Pitching for Oregon State Beavers : LHP Jorge Mora
Pitching: LHP Jorge Mora
Batting: RHB Joe Land 0-0: Ball
1-0: Foul Ball, location: 2F
1-1: Ball
2-1: Called Strike
2-2: Ball
3-2: Base on Balls
Batting: LHB Edward Rose 0-0: Ball
1-0: Ball
2-0: Ball
3-0: Called Strike
3-1: Foul Ball, location: 2F
3-2: SINGLE (Groundball, 34)
Joe Land to second
Joe Land to third
Batting: RHB Pablo Valentín 0-0: Ball
1-0: Ball
2-0: Ball
3-0: Called Strike
3-1: Swinging Strike
3-2: Foul Ball, location: 2F
3-2: Base on Balls
Edward Rose to second
Batting: RHB Vincent Snow 0-0: Ball
1-0: Ball
2-0: Ball
3-0: Called Strike
3-1: Base on Balls
Joe Land scores
Edward Rose to third
Pablo Valentín to second
Batting: RHB Keith Webb 0-0: Ball
1-0: Ball
Wild Pitch!
Edward Rose scores
Pablo Valentín to third
Vincent Snow to second
2-0: Ball
3-0: Called Strike
3-1: Fly out, F6 (Popup, 6S)
Batting: LHB José Blanco 0-0: Called Strike
0-1: Ball
1-1: Swinging Strike
1-2: Fly out, F5 (Popup, 7LSF)
Batting: RHB James Taylor 0-0: Swinging Strike
0-1: Fly out, F3 (Popup, 3S)
Top of the 1st over - 2 run(s), 1 hit(s), 0 error(s), 2 left on base; Clemson 2 - Oregon State 0
BOTTOM OF THE 1ST
Oregon State Beavers batting - Pitching for Clemson Tigers : LHP Ken Johnston
Pitching: LHP Ken Johnston
Batting: RHB Elvis Hendrix 0-0: Called Strike
0-1: SINGLE (Groundball, 25) (infield hit)
Batting: LHB Horace Hess 0-0: Ball
1-0: Fly out, F6 (Line Drive, 6M)
Batting: RHB Marty Hendrickson 0-0: Grounds into double play, 4-6-3 (Groundball, 34)
Bottom of the 1st over - 0 run(s), 1 hit(s), 0 error(s), 0 left on base; Clemson 2 - Oregon State 0
TOP OF THE 2ND
Clemson Tigers batting - Pitching for Oregon State Beavers : LHP Jorge Mora
Batting: RHB Joseph Forrest 0-0: Called Strike
0-1: Ball
1-1: Bunt for hit - play at first, batter OUT! 1-3
Batting: RHB Lee Adams 0-0: Ball
1-0: Ground out 6-3 (Groundball, 6M)
Batting: RHB Joe Land 0-0: Fly out, F7 (Flyball, 7M)
Top of the 2nd over - 0 run(s), 0 hit(s), 0 error(s), 0 left on base; Clemson 2 - Oregon State 0
BOTTOM OF THE 2ND
Oregon State Beavers batting - Pitching for Clemson Tigers : LHP Ken Johnston
Batting: LHB Charlie Dennis 0-0: SINGLE (Line Drive, 56)
Batting: RHB Tom Hughes 0-0: Ball
1-0: Ball
2-0: Called Strike
2-1: Swinging Strike
2-2: Strikes out swinging
Batting: RHB Abraham Hardy 0-0: Called Strike
0-1: Ball
1-1: Ball
2-1: SINGLE (Groundball, 56D)
Charlie Dennis to second
Batting: RHB Ron Murphy 0-0: Ball
1-0: Ball
2-0: Ball
3-0: Called Strike
3-1: Called Strike
3-2: Base on Balls
Charlie Dennis to third
Abraham Hardy to second
Batting: RHB Ben Barker 0-0: Foul Ball, location: 2F
0-1: SINGLE (Groundball, 6MD)
Charlie Dennis scores
Abraham Hardy to third
Ron Murphy to second
Runner from 3rd tries for Home, throw and OUT!
Ron Murphy to third
Ben Barker to second
Batting: SHB Gerald Young 0-0: Ball
1-0: Swinging Strike
1-1: Ball
2-1: Fly out, F1 (Popup, 23)
Bottom of the 2nd over - 1 run(s), 3 hit(s), 0 error(s), 2 left on base; Clemson 2 - Oregon State 1
TOP OF THE 3RD
Clemson Tigers batting - Pitching for Oregon State Beavers : LHP Jorge Mora
Batting: LHB Edward Rose 0-0: Ball
1-0: Fly out, F9 (Flyball, 9LM)
Batting: RHB Pablo Valentín 0-0: SINGLE (Line Drive, 4MD)
Batting: RHB Vincent Snow 0-0: Ball
1-0: SINGLE (Groundball, 56D)
Pablo Valentín to second
Batting: RHB Keith Webb 0-0: Foul Ball, location: 2F
0-1: Ball
1-1: Ball
2-1: Ball
3-1: Called Strike
3-2: Base on Balls
Pablo Valentín to third
Vincent Snow to second
Batting: LHB José Blanco 0-0: Swinging Strike
0-1: Ball
1-1: Ball
2-1: GRAND SLAM HOME RUN (Flyball, 9D), Distance : 360 ft
Batting: RHB James Taylor 0-0: Fly out, F8 (Flyball, 8RM)
Batting: RHB Joseph Forrest 0-0: SINGLE (Groundball, 56D) (infield hit)
Batting: RHB Lee Adams 0-0: Called Strike
0-1: Fielders Choice at 2nd, U4 (Groundball, 4M)
Top of the 3rd over - 4 run(s), 4 hit(s), 0 error(s), 1 left on base; Clemson 6 - Oregon State 1
BOTTOM OF THE 3RD
Oregon State Beavers batting - Pitching for Clemson Tigers : LHP Ken Johnston
Batting: RHB Elvis Hendrix 0-0: SINGLE (Flyball, 89M)
Batting: LHB Horace Hess 0-0: Ball
1-0: Foul Ball, location: 2F
1-1: Called Strike
1-2: Ball
2-2: Foul Ball, location: 2F
2-2: Strikes out swinging
Batting: RHB Marty Hendrickson 0-0: Called Strike
0-1: Ball
1-1: SINGLE (Flyball, 9LS)
Elvis Hendrix to second
Runner from 2nd tries for 3rd, SAFE, no throw or cutoff
Batting: LHB Charlie Dennis 0-0: Swinging Strike
0-1: Foul Ball, location: 2F
0-2: Ball
1-2: Foul Ball, location: 2F
1-2: Ball
2-2: Strikes out looking
Batting: RHB Tom Hughes 0-0: Fielders Choice at 2nd, U6 (Groundball, 6M)
Bottom of the 3rd over - 0 run(s), 2 hit(s), 0 error(s), 2 left on base; Clemson 6 - Oregon State 1
TOP OF THE 4TH
Clemson Tigers batting - Pitching for Oregon State Beavers : LHP Jorge Mora
Batting: RHB Joe Land 0-0: Foul Ball, location: 2F
0-1: Swinging Strike
0-2: Foul Ball, location: 2F
0-2: Ground out 1-3 (Groundball, 13S)
Batting: LHB Edward Rose 0-0: Ball
1-0: Called Strike
1-1: Ground out U3 (Groundball, 3S)
Batting: RHB Pablo Valentín 0-0: Called Strike
0-1: Ball
1-1: Ball
2-1: SINGLE (Line Drive, 6D)
Batting: RHB Vincent Snow 0-0: Ball
1-0: Ball
2-0: Ball
3-0: Called Strike
3-1: Swinging Strike
3-2: Ground out 6-3 (Groundball, 56)
Top of the 4th over - 0 run(s), 1 hit(s), 0 error(s), 1 left on base; Clemson 6 - Oregon State 1
BOTTOM OF THE 4TH
Oregon State Beavers batting - Pitching for Clemson Tigers : LHP Ken Johnston
Batting: RHB Abraham Hardy 0-0: Foul Ball, location: 2F
0-1: Ground out 5-3 (Groundball, 56)
Batting: RHB Ron Murphy 0-0: Ball
1-0: Swinging Strike
1-1: Ball
2-1: Fly out, F6 (Popup, 4MD)
Batting: RHB Ben Barker 0-0: Called Strike
0-1: Called Strike
0-2: Ball
1-2: Ball
2-2: Foul Ball, location: 2F
2-2: Ground out 6-3 (Groundball, 6M)
Bottom of the 4th over - 0 run(s), 0 hit(s), 0 error(s), 0 left on base; Clemson 6 - Oregon State 1
TOP OF THE 5TH
Clemson Tigers batting - Pitching for Oregon State Beavers : LHP Jorge Mora
Batting: RHB Keith Webb 0-0: Foul Ball, location: 2F
0-1: Ball
1-1: Ball
2-1: Ball
3-1: Ground out 6-3 (Groundball, 6M)
Pitching: RHP Manuel Reynoso
Batting: LHB José Blanco 0-0: Bunt for hit - play at first, batter safe!
Batting: RHB James Taylor 0-0: Ball
1-0: Ball
2-0: Fly out, F4 (Popup, 4D)
Batting: RHB Joseph Forrest 0-0: Called Strike
0-1: Ball
1-1: Ball
2-1: Called Strike
2-2: Ball
3-2: Strikes out swinging
Top of the 5th over - 0 run(s), 1 hit(s), 0 error(s), 1 left on base; Clemson 6 - Oregon State 1
BOTTOM OF THE 5TH
Oregon State Beavers batting - Pitching for Clemson Tigers : LHP Ken Johnston
Batting: SHB Gerald Young 0-0: Swinging Strike
0-1: Swinging Strike
0-2: Ball
1-2: Ball
2-2: Strikes out swinging
Batting: RHB Elvis Hendrix 0-0: DOUBLE (Flyball, 7M)
Batting: LHB Horace Hess 0-0: Foul Ball, location: 2F
0-1: Ball
1-1: Foul Ball, location: 2F
1-2: Strikes out swinging
Batting: RHB Marty Hendrickson 0-0: Called Strike
0-1: Ball
1-1: Called Strike
1-2: Fly out, F6 (Line Drive, 56)
Bottom of the 5th over - 0 run(s), 1 hit(s), 0 error(s), 1 left on base; Clemson 6 - Oregon State 1
TOP OF THE 6TH
Clemson Tigers batting - Pitching for Oregon State Beavers : RHP Manuel Reynoso
Batting: RHB Lee Adams 0-0: Called Strike
0-1: Foul Ball, location: 2F
0-2: Ball
1-2: Strikes out looking
Batting: RHB Joe Land 0-0: Foul Ball, location: 2F
0-1: Ball
1-1: Ball
2-1: Called Strike
2-2: SINGLE (Groundball, 4M)
Batting: LHB Edward Rose 0-0: Ball
1-0: Called Strike
1-1: Ball
2-1: Called Strike
Joe Land is caught stealing 2nd base
2-2: Foul Ball, location: 2F
2-2: Ball
3-2: Foul Ball, location: 2F
3-2: Foul Ball, location: 2F
3-2: DOUBLE (Groundball, 3L)
Batting: RHB Pablo Valentín 0-0: Called Strike
0-1: Foul Ball, location: 2F
0-2: Foul Ball, location: 2F
0-2: Strikes out looking
Top of the 6th over - 0 run(s), 2 hit(s), 0 error(s), 1 left on base; Clemson 6 - Oregon State 1
BOTTOM OF THE 6TH
Oregon State Beavers batting - Pitching for Clemson Tigers : LHP Ken Johnston
Batting: LHB Charlie Dennis 0-0: Foul Ball, location: 2F
0-1: Foul Ball, location: 2F
0-2: Foul Ball, location: 2F
0-2: Ball
1-2: Ball
2-2: Ball
3-2: Ground out 4-3 (Groundball, 4M)
Batting: RHB Tom Hughes 0-0: Ball
1-0: SOLO HOME RUN (Flyball, 7D), Distance : 344 ft
Batting: RHB Abraham Hardy 0-0: Ground out 6-3 (Groundball, 6S)
Batting: RHB Ron Murphy 0-0: SINGLE (Groundball, 6MD)
Pitching: LHP Roberto García
Batting: RHB Ben Barker 0-0: Ball
1-0: Foul Ball, location: 2F
1-1: Ball
2-1: Ball
3-1: Foul Ball, location: 2F
3-2: Base on Balls
Ron Murphy to second
Batting: SHB Gerald Young 0-0: Ball
1-0: SINGLE (Line Drive, 34D)
Ron Murphy to third
Ben Barker to second
Runner from 3rd tries for Home, SAFE, throw made home
Ben Barker to third
Gerald Young to second
Batting: RHB Elvis Hendrix 0-0: TRIPLE (Flyball, 9LM)
Ben Barker scores
Gerald Young scores
Batting: LHB Horace Hess 0-0: Called Strike
0-1: Swinging Strike
0-2: Fly out, F7 (Flyball, 78M)
Bottom of the 6th over - 4 run(s), 4 hit(s), 0 error(s), 1 left on base; Clemson 6 - Oregon State 5
TOP OF THE 7TH
Clemson Tigers batting - Pitching for Oregon State Beavers : RHP Manuel Reynoso
Batting: RHB Vincent Snow 0-0: Ball
1-0: Ball
2-0: Foul Ball, location: 2F
2-1: Swinging Strike
2-2: Strikes out swinging
Pitching: LHP Robby Vandeveer
Batting: RHB Keith Webb 0-0: Foul Ball, location: 2F
0-1: Ball
1-1: Swinging Strike
1-2: Strikes out swinging
Batting: LHB José Blanco 0-0: Ball
1-0: Fly out, F4 (Popup, 4MD)
Top of the 7th over - 0 run(s), 0 hit(s), 0 error(s), 0 left on base; Clemson 6 - Oregon State 5
BOTTOM OF THE 7TH
Oregon State Beavers batting - Pitching for Clemson Tigers : LHP Roberto García
Batting: RHB Marty Hendrickson 0-0: Ball
1-0: Foul Ball, location: 2F
1-1: Ball
2-1: Called Strike
2-2: Fly out, F9 (Flyball, 89M)
Batting: LHB Charlie Dennis 0-0: Foul Ball, location: 2F
0-1: Ground out 4-3 (Groundball, 4)
Batting: RHB Tom Hughes 0-0: Ball
1-0: Ball
2-0: Swinging Strike
2-1: Ball
3-1: Ground out 6-3 (Groundball, 6)
Bottom of the 7th over - 0 run(s), 0 hit(s), 0 error(s), 0 left on base; Clemson 6 - Oregon State 5
TOP OF THE 8TH
Clemson Tigers batting - Pitching for Oregon State Beavers : LHP Robby Vandeveer
Batting: RHB James Taylor 0-0: Foul Ball, location: 2F
0-1: Ball
1-1: Ball
2-1: Ball
3-1: SINGLE (Groundball, 5D)
Batting: RHB Joseph Forrest 0-0: Foul Ball, location: 2F
0-1: Ball
1-1: Ball
2-1: Foul Ball, location: 2F
2-2: Foul Ball, location: 2F
2-2: Foul Ball, location: 2F
2-2: Strikes out looking
Batting: RHB Lee Adams 0-0: Ball
Wild Pitch!
James Taylor to second
1-0: Foul Ball, location: 2F
1-1: Called Strike
1-2: Strikes out looking
Batting: RHB Joe Land 0-0: Ball
1-0: Ball
2-0: Ball
3-0: Base on Balls
Batting: LHB Edward Rose 0-0: Ball
1-0: Ball
2-0: Ball
3-0: Base on Balls
James Taylor to third
Joe Land to second
Batting: RHB Pablo Valentín 0-0: Ball
1-0: Foul Ball, location: 2F
1-1: Foul Ball, location: 2F
1-2: Foul Ball, location: 2F
1-2: Ball
2-2: Strikes out swinging
Top of the 8th over - 0 run(s), 1 hit(s), 0 error(s), 3 left on base; Clemson 6 - Oregon State 5
BOTTOM OF THE 8TH
Oregon State Beavers batting - Pitching for Clemson Tigers : LHP Roberto García
Pitching: RHP Domingo García
Batting: RHB Abraham Hardy 0-0: Ball
1-0: Called Strike
1-1: Foul Ball, location: 2F
1-2: SINGLE (Line Drive, 56D)
Batting: RHB Ron Murphy 0-0: Fly out, F6 (Popup, 7S)
Pinch Hitting: LHB Bob Johnson 0-0: Ball
1-0: Ball
2-0: Called Strike
2-1: Ball
3-1: Base on Balls
Abraham Hardy to second
Batting: SHB Gerald Young 0-0: Ground out 4-3 (Groundball, 4M)
Abraham Hardy to third
Bob Johnson to second
Batting: RHB Elvis Hendrix 0-0: Foul Ball, location: 2F
0-1: Ball
1-1: Swinging Strike
1-2: Strikes out looking
Bottom of the 8th over - 0 run(s), 1 hit(s), 0 error(s), 2 left on base; Clemson 6 - Oregon State 5
TOP OF THE 9TH
Clemson Tigers batting - Pitching for Oregon State Beavers : LHP Robby Vandeveer
Now in CF: Bob Johnson
Batting: RHB Vincent Snow 0-0: Ball
1-0: Swinging Strike
1-1: Ball
2-1: SINGLE (Groundball, 56D)
Batting: RHB Keith Webb 0-0: Ball
1-0: Foul Ball, location: 2F
1-1: SINGLE (Groundball, 6S)
Vincent Snow to second
Pinch Hitting: RHB Alejandro Flores 0-0: Sac Bunt - play at first, batter OUT! 1-4
Vincent Snow to third
Keith Webb to second
Pitching: RHP Taylor Wright
Batting: RHB James Taylor 0-0: SINGLE (Groundball, 4MD)
Vincent Snow scores
Keith Webb to third
Runner from 3rd tries for Home, SAFE, throw made home
James Taylor to second
Batting: RHB Joseph Forrest 0-0: Intentional Walk
Batting: RHB Lee Adams 0-0: Foul Ball, location: 2F
0-1: Called Strike
0-2: Foul Ball, location: 2F
0-2: Foul Ball, location: 2F
0-2: Ball
1-2: Strikes out swinging
Batting: RHB Joe Land 0-0: Ball
1-0: Foul Ball, location: 2F
1-1: Foul Ball, location: 2F
1-2: Ball
2-2: Ball
3-2: Foul Ball, location: 2F
3-2: Strikes out swinging
Top of the 9th over - 2 run(s), 3 hit(s), 0 error(s), 2 left on base; Clemson 8 - Oregon State 5
BOTTOM OF THE 9TH
Oregon State Beavers batting - Pitching for Clemson Tigers : RHP Domingo García
Pitching: RHP Stephen Taylor
Now in RF: James Tucker
Batting: LHB Horace Hess 0-0: Ball
1-0: Ball
2-0: Ball
3-0: Base on Balls
Batting: RHB Marty Hendrickson 0-0: Ball
1-0: Foul Ball, location: 2F
1-1: Ball
2-1: Foul Ball, location: 2F
2-2: Fly out, F6 (Popup, 5F)
Batting: LHB Charlie Dennis 0-0: Ball
Passed Ball!
Horace Hess to second
1-0: Called Strike
1-1: Foul Ball, location: 2F
1-2: Fly out, F6 (Popup, 6M)
Batting: RHB Tom Hughes 0-0: Ball
1-0: Ball
2-0: Ball
3-0: Base on Balls
Batting: RHB Abraham Hardy 0-0: SINGLE (Groundball, 56)
Horace Hess to third
Tom Hughes to second
Runner from 3rd tries for Home, SAFE, throw made at trailing runner, SAFE at third!
Batting: RHB Ron Murphy 0-0: Called Strike
0-1: 3-RUN HOME RUN (Flyball, 7LD), Distance : 333 ft
This league is powered by Out of the Park Baseball, the baseball management simulation game for PC, Mac and Linux
Wednesday, December 2nd, 2015 - OOTP Baseball 16.8 Build 38